[Event "Early-Titled-Tuesday-Blitz-August-29-2023"]
[Site "Chess.com"]
[Date "2023.08.29"]
[Round "7"]
[White "AlexandraSamaganova"]
[Black "Bilan_Danila"]
[Result "0-1"]
[WhiteElo "2343"]
[BlackElo "2504"]
[TimeControl "180+1"]
[EndTime "9:17:27 PDT"]
[Termination "Bilan_Danila won on time"]

1. c4 c6 2. e4 d5 3. exd5 cxd5 4. d4 Nf6 5. Nc3 Nc6 6. Nf3 Bg4 7. cxd5 Nxd5 8. Be2 e6 9. O-O Be7 10. h3 Bh5 11.
Be3 O-O 12. Qd2 Rc8 13. Rac1 Bb4 14. Rfd1 Nce7 15. a3 Bd6 16. Ne4 Bb8 17. Ne5 Bxe2 18. Qxe2 Nf5 19. Nd3 Qh4 20. Nec5 Ndxe3 21. fxe3 Qg3 22.
Qf3 Qxf3 23. gxf3 Nxe3 24. Re1 Nf5 25. Nd7 Nxd4 26. Nxf8 Rxf8 27. Kf2 Nf5 28. Ne5 Re8 29. f4 f6 30. Nd3 Kf7 31. Kf3 Nd4+ 32. Kf2 a6 33.
Rc4 Nf5 34. Rec1 Rd8 35. Ne1 Rd2+ 36. Kf1 Ne3+ 37. Kg1 Nxc4 38. Rxc4 Rxb2 39. Rc8 Bxf4 40. Rd8 Kg6 41. Rd7 e5 42. Rd3 Kf5 43. Ng2 g5 44. Rd7 h5 45. Ne1 h4 46. Kf1 Bg3 47. Rd1 Rf2+ 48.
Kg1 Ra2 49. Ng2 Bf2+ 50. Kf1 Bd4 51. Ne1 Rf2+ 52. Kg1 Rd2+ 0-1

[Event "Early-Titled-Tuesday-Blitz-August-29-2023"]
[Site "Chess.com"]
[Date "2023.08.29"]
[Round "7"]
[White "crescentmoon2411"]
[Black "jcibarra"]
[Result "1/2-1/2"]
[WhiteElo "3026"]
[BlackElo "2887"]
[TimeControl "180+1"]
[EndTime "9:17:28 PDT"]
[Termination "Game drawn by repetition"]

1. d4 Nf6 2. c4 d6 3. Nf3 g6 4.
Nc3 Bf5 5. h3 Ne4 6. Nxe4 Bxe4 7. Ng5 Bf5 8. e4 Bd7 9. h4 h6 10. Nf3 Bg7 11. Be2 c5 12. Be3 Nc6 13. d5 Ne5 14.
Nxe5 Bxe5 15. Qd2 h5 16. O-O Bf6 17. g3 a6 18. Rab1 b5 19. b4 cxb4 20. Rxb4 a5 21. Rbb1 b4 22. c5 dxc5 23. Bxc5 O-O 24. Rfc1 Rc8 25.
Qe3 Ba4 26. Bb6 Rxc1+ 27. Rxc1 Qa8 28. e5 Bg7 29. Bf3 Rc8 30. Rxc8+ Qxc8 31. Bxa5 Qc4 32. d6 exd6 33. exd6 Bd4 34. Qe2 Qc5 35. Bc7 Bd7 36. Kg2 Be6 37. Be4 Bf6 38. Bxg6 Bc4 39. Qxh5 Qc6+ 40. Kh2 fxg6 41. Qxg6+ Bg7 42. h5 Bf7 43. Qg4 Kh7 44. Qf5+ Kg8 45. Qc8+ Kh7 46. Qf5+ Kg8 47. Qg4 Kh7 48. Qf5+ 1/2-1/2

[Event "Early-Titled-Tuesday-Blitz-August-29-2023"]
[Site "Chess.com"]
[Date "2023.08.29"]
[Round "7"]
[White "Lady_Nika"]
[Black "druskacik"]
[Result "0-1"]
[WhiteElo "2467"]
[BlackElo "2661"]
[TimeControl "180+1"]
[EndTime "9:17:28 PDT"]
[Termination "druskacik won by checkmate"]

1. e4 c5 2. Nc3 d6 3. g3 Nc6 4. Bg2 g6 5. d3 Bg7 6. f4 Rb8 7. Nf3 b5 8. O-O Nf6 9. Rb1 b4 10. Ne2 O-O 11. h3 e5 12. g4 Nd4 13. Nexd4 exd4 14. Bd2 a5 15. b3 a4 16. Qe1 Ra8 17. Qg3 axb3 18. axb3 Ra2 19. Rfc1 Bb7 20. Ne1 Qe7 21. h4 Bc8 22. Bf3 Bd7 23. g5 Nh5 24. Bxh5 gxh5 25.
Ng2 Rfa8 26. f5 Be5 27. Bf4 Kh8 28. Qf3 f6 29. Qxh5 Rg8 30. Ra1 Rxa1 31. Rxa1 fxg5 32. Bxg5 Bf6 33. Ra7 Bxg5 34. hxg5 Rxg5 35. Rxd7 Rxg2+ 36. Kxg2 Qxd7 37. Qg5 Qg7 38. Qg3 Qxg3+ 39. Kxg3 Kg7 40. Kg4 Kf6 41. Kh5 d5 42. Kg4 dxe4 43. dxe4 c4 44.
Kf4 d3 45. e5+ Kf7 46. Ke3 dxc2 47. Kd2 cxb3 48. Kc1 h6 49. Kb2 Ke7 50. Kc1 h5 51.
Kb2 Kf7 52. Kc1 h4 53. Kb2 Ke7 54. Kc1 h3 55. Kb2 h2 56. e6 h1=Q 57. f6+ Kd6 58.
Kxb3 Qb1+ 59. Ka4 Qa2+ 60. Kxb4 c1=Q 61. f7 Qab2+ 62. Ka5 Qca1# 0-1

[Event "Early-Titled-Tuesday-Blitz-August-29-2023"]
[Site "Chess.com"]
[Date "2023.08.29"]
[Round "7"]
[White "Goffredo_Fofi"]
[Black "falzehope0"]
[Result "1-0"]
[WhiteElo "2555"]
[BlackElo "2424"]
[TimeControl "180+1"]
[EndTime "9:17:29 PDT"]
[Termination "Goffredo_Fofi won by resignation"]

1. g3 d5 2. Bg2 e6 3. Nf3 Bd6 4. O-O f5 5. d3 Nf6 6. Nc3 O-O 7. e4 Be7 8. e5 Nfd7 9. Ne2 c6 10. h4 Na6 11. c3 Nc7 12. a4 a6 13. a5 Qe8 14. Re1 Nc5 15. b4 Nd7 16. Nf4 Qf7 17.
Qb3 Kh8 18. c4 Rg8 19. cxd5 cxd5 20. Bd2 g6 21. Rac1 Nb5 22. Bf1 Nf8 23. Be3 Bd7 24. Bc5 Bc6 25. Bxe7 Qxe7 26. Bg2 h6 27. Rc5 Qf7 28.
Qb2 g5 29. hxg5 hxg5 30. Ne2 Qh5 31. Nfd4 Bd7 32. Nxf5 Re8 33. Nd6 Re7 34. Nd4 Rh7 35.
N4xb5 axb5 36. Rc7 Qh2+ 37. Kf1 Bc6 38. Rxh7+ Nxh7 39. d4 g4 40. Qd2 Ng5 41. Qf4 Qh6 42. Qxg5 Qxg5 43. Nf7+ Kh7 44. Nxg5+ Rxg5 45. Ke2 Kg7 46. Rh1 Rf5 47. Rh4 Rg5 48. Ke3 Kg6 49. Bf1 Kg7 50.
Be2 Kf7 51. Rxg4 Rxg4 52. Bxg4 Kg7 53. Kf4 Bd7 54. Kg5 Bc8 55. Bh5 Bd7 56. f3 Bc8 57. Be8 Kf8 58. Bxb5 Ke7 59. Bd3 Bd7 60. Kh6 Ba4 61. g4 Bd1 62. g5 Bxf3 63. g6 Kf8 64. g7+ Kf7 65. Bh7 Be4 66. g8=Q+ Ke7 67. Qg7+ Kd8 68.
Qf6+ Kd7 69. Qf7+ Kd8 70. Qxe6 Bxh7 71. Kxh7 b5 72. Qf7 Kc8 73. Kg6 Kd8 74. Kf6 Kc8 75. Ke6 Kb8 76. Kd6 Ka8 77. Kc6 1-0

[Event "Early-Titled-Tuesday-Blitz-August-29-2023"]
[Site "Chess.com"]
[Date "2023.08.29"]
[Round "7"]
[White "masterofpuppets2"]
[Black "Fh2411"]
[Result "1/2-1/2"]
[WhiteElo "2460"]
[BlackElo "2641"]
[TimeControl "180+1"]
[EndTime "9:17:32 PDT"]
[Termination "Game drawn by repetition"]

1. d4 Nf6 2. c4 e6 3. Nf3 Bb4+ 4. Bd2 Qe7 5. Nc3 O-O 6. g3 d6 7.
Bg2 e5 8. O-O Bxc3 9. Bxc3 Nc6 10. d5 Nb8 11. Ne1 a5 12. e4 Nbd7 13. Nd3 b6 14. h3 Nc5 15. Qe2 Nxd3 16. Qxd3 Nd7 17. f4 Nc5 18. Qe2 f6 19. b3 Ba6 20. Rab1 Rfb8 21.
a4 Bb7 22. f5 c6 23. g4 Rc8 24. h4 Ba6 25. Qe3 b5 26. Bxa5 bxc4 27. b4 Nxa4 28. dxc6 Bb5 29. c7 Rxc7 30. Bxc7 Qxc7 31. Rfc1 Rc8 32. Bf1 Nb6 33. Ra1 d5 34. exd5 Nxd5 35. Qe4 Nf4 36. Kh2 h5 37. Ra5 Qd7 38. Rc2 hxg4 39.
Rxb5 Qd1 40. Rf2 c3 41. Rc5 Rd8 42. Rxc3 Rd2 43. Rxd2 Qxd2+ 44. Kg1 Qxc3 45. Qc4+ Qxc4 46.
Bxc4+ Kf8 47. Kf2 Ke7 48. Kg3 Kd6 49. Kxg4 Kc6 50. Kf3 Kb6 51. Ke4 Kc6 52. Kf3 Kb6 53.
Kg4 Kc6 54. Kf3 1/2-1/2

[Event "Early-Titled-Tuesday-Blitz-August-29-2023"]
[Site "Chess.com"]
[Date "2023.08.29"]
[Round "7"]
[White "Kopytkin"]
[Black "chessajedrezz2020"]
[Result "0-1"]
[WhiteElo "2367"]
[BlackElo "2672"]
[TimeControl "180+1"]
[EndTime "9:17:35 PDT"]
[Termination "chessajedrezz2020 won on time"]

1. d4 c5 2. e4 cxd4 3. c3 Nc6 4. cxd4 d5 5. exd5 Qxd5 6. Nf3 e6 7. Nc3 Qa5 8. Bd3 Nf6 9. O-O Be7 10. Bg5 O-O 11.
Qd2 Rd8 12. Rad1 b6 13. Qf4 h6 14. Bh4 Bb7 15. Rfe1 Qh5 16. Qc7 Rd7 17. Qg3 Qg4 18. Bxf6 Qxg3 19. hxg3 Bxf6 20. d5 exd5 21. Bf5 Rd6 22.
Rxd5 Rxd5 23. Nxd5 Bxb2 24. Bc2 Ba3 25. Bb3 Bf8 26.
Nc7 Rc8 27. Nb5 Rd8 28. Rd1 Rxd1+ 29. Bxd1 a6 30. Nc3 b5 31. Nd5 Na5 32. Nc7 Nc4 33. Bb3 Bxf3 34. gxf3 Nd2 35. Bd5 Nc4 36. Kg2 Nd6 37.
Nxa6 g6 38. Nc7 Kg7 39. f4 Be7 40. Kf3 b4 41. Na6 Nf5 42. Nxb4 Bxb4 43. a4 Nd6 44. Bc6 f5 45. Ke3 Bc5+ 46. Ke2 Bb6 47. f3 Kf6 48. g4 h5 49. g5+ Kf7 50. Kf1 Ke7 51. Ke2 Nc4 52.
Kf1 Nd2+ 53. Kg2 Nb3 54. Bd5 Nd4 0-1

[Event "Early-Titled-Tuesday-Blitz-August-29-2023"]
[Site "Chess.com"]
[Date "2023.08.29"]
[Round "7"]
[White "Cherneevo_23"]
[Black "AnaKuchava"]
[Result "1-0"]
[WhiteElo "2422"]
[BlackElo "2201"]
[TimeControl "180+1"]
[EndTime "9:17:35 PDT"]
[Termination "Cherneevo_23 won on time"]

1. Nf3 d5 2. d4 Nf6 3. c4 e6 4. Nc3 Be7 5. Bg5 O-O 6. e3 h6 7. Bxf6 Bxf6 8. Rc1 c6 9. Bd3 dxc4 10.
Bxc4 Nd7 11. O-O e5 12. Ne4 exd4 13. Nxf6+ Nxf6 14. Qxd4 Qxd4 15. Nxd4 Rd8 16. Rfd1 Bg4 17. f3 Bd7 18. e4 Be8 19. Nf5 Kf8 20. Kf2 h5 21. h4 g6 22. Nd4 c5 23. Nb3 b6 24.
e5 Ng8 25. f4 Nh6 26. g3 Ng4+ 27. Ke2 Bc6 28. Rd3 b5 29. Rxd8+ Rxd8 30. Na5 Be8 31.
Bd3 c4 32. Be4 Rd4 33. Bf3 Nh6 34. Nb7 Nf5 35. Rg1 Ke7 36. Nc5 a5 37. b3 c3 38. Nd3 b4 39. Nc1 Bb5+ 40. Ke1 Rd2 41. Rg2 Rxg2 42. Bxg2 Ne3 43. Be4 Ke6 44. Kf2 Ng4+ 45.
Kf3 Bf1 46. Bc2 Kd7 47. f5 gxf5 48. Bxf5+ Ke7 49. Kf4 Nf2 50. Bc2 Bg2 51. Kg5 Ng4 52. Kxh5 Ne3 53. Bd3 c2 54. Kg5 Bf3 55. Kf4 1-0

[Event "Early-Titled-Tuesday-Blitz-August-29-2023"]
[Site "Chess.com"]
[Date "2023.08.29"]
[Round "7"]
[White "Rud_Makarian"]
[Black "nihalsarin"]
[Result "1-0"]
[WhiteElo "3035"]
[BlackElo "3133"]
[TimeControl "180+1"]
[EndTime "9:17:36 PDT"]
[Termination "Rud_Makarian won by resignation"]

1. d4 d5 2. c4 e6 3. Nf3 Nf6 4. g3 Bb4+ 5. Bd2 Be7 6. Bg2 O-O 7. Qc2 Nbd7 8. O-O c6 9. Bf4 Nh5 10. Bc1 Nhf6 11. Bf4 b6 12. Nbd2 Bb7 13. e4 Nh5 14.
Be3 Nhf6 15. Bf4 dxc4 16. Nxc4 c5 17. Rfe1 cxd4 18. Nd6 Bxd6 19. Bxd6 Rc8 20. Qd1 Re8 21. Nxd4 Nxe4 22. Rxe4 Nf6 23. Rxe6 Bxg2 24. Rxe8+ Nxe8 25. Nf5 Ba8 26. Ne7+ Kh8 27. Nxc8 Qxc8 28. Bf4 h6 29. f3 Nf6 30. Qd3 Nd5 31. Be5 Kg8 32.
Re1 Nb4 33. Qc3 Qf5 34. Bxg7 Kh7 35. Bf8 f6 36. Bxb4 Bxf3 37. Qc7+ Kg6 38. Qf4 Qd5 39.
Qe3 Qc6 40. Bc3 Bd5 41. Qf4 f5 42. Qe5 Qc5+ 43. Qd4 Qc6 44. a3 a5 45. Rd1 Be6 46.
Qd6 Qe4 47. Qf4 Qc2 48. Qd2 Qb3 49. Qd4 b5 50. Re1 b4 51. Qf6+ Kh5 52. Qxe6 Qc2 53. Qe2+ Qxe2 54. Rxe2 1-0

[Event "Early-Titled-Tuesday-Blitz-August-29-2023"]
[Site "Chess.com"]
[Date "2023.08.29"]
[Round "7"]
[White "Galileo22"]
[Black "Actuary44"]
[Result "1-0"]
[WhiteElo "2700"]
[BlackElo "2508"]
[TimeControl "180+1"]
[EndTime "9:17:37 PDT"]
[Termination "Galileo22 won by resignation"]

1. b3 e5 2. Bb2 Nc6 3. e3 d6 4. c4 g6 5. Nf3 Bg7 6. d4 e4 7.
Nfd2 f5 8. Nc3 Nge7 9. f3 exf3 10. Nxf3 O-O 11. Bd3 f4 12. exf4 Nxd4 13. Nxd4 Bxd4 14. Qd2 Nc6 15. O-O-O Qf6 16. g3 Bg4 17. Rde1 Bf3 18. Rhf1 Bg2 19. Qxg2 Bxc3 20. Be4 Rae8 21. Bd5+ Kg7 22.
Kb1 Bxb2 23. Qxb2 Qxb2+ 24. Kxb2 Nb4 25. Rxe8 Rxe8 26. Bxb7 Re2+ 27. Kc3 Nxa2+ 28. Kd3 Rxh2 29. Bf3 Nb4+ 30. Kd4 Nc2+ 31. Kc3 Ne3 32. Ra1 Rf2 33. Be4 Re2 34. Kd3 Nc2 35. Rxa7 Re3+ 36. Kxc2 Rxe4 37. Rxc7+ Kh6 38. Kd3 Re1 39. Rc6 Rg1 40. Rxd6 Rxg3+ 41. Kc2 Kh5 42. b4 Kg4 43. b5 Rg2+ 44. Kc3 Rg1 45.
Rd2 Rc1+ 46. Rc2 Re1 47. b6 Re8 48. b7 Rb8 49. Rb2 Kxf4 50. c5 Ke5 51. Kc4 Ke6 52.
c6 Kd6 53. Kb5 Kc7 54. Rd2 Rxb7+ 55. cxb7 Kxb7 56. Rd7+ Kb8 57. Rxh7 1-0

[Event "Early-Titled-Tuesday-Blitz-August-29-2023"]
[Site "Chess.com"]
[Date "2023.08.29"]
[Round "7"]
[White "wonderfultime"]
[Black "AlexanderL"]
[Result "1-0"]
[WhiteElo "2974"]
[BlackElo "2844"]
[TimeControl "180+1"]
[EndTime "9:17:38 PDT"]
[Termination "wonderfultime won by resignation"]

1. d4 e6 2. Nf3 c5 3. c3 d5 4. Bf4 Bd6 5. e3 Bxf4 6. exf4 Qb6 7. Qb3 Nd7 8. Nbd2 Ne7 9. Be2 Nc6 10. Qxb6 Nxb6 11.
Nb3 cxd4 12. Nbxd4 Bd7 13. O-O-O Ke7 14. Rhe1 Kf6 15.
Bd3 g6 16. h4 Rac8 17. Kb1 Kg7 18. h5 Nxd4 19. Nxd4 Nc4 20. Rh1 Nd6 21. h6+ Kf6 22.
Nf3 Bb5 23. Bxb5 Nxb5 24. Ne5 Nd6 25. f3 g5 26. Ng4+ Kg6 27. fxg5 Kxg5 28. Ne5 Kf6 29. Rde1 Rhg8 30. g4 Nc4 31. Nd3 Ke7 32. Re2 Rgd8 33. b3 Na3+ 34. Kb2 Nb5 35. Rc1 Rc7 36. Nf4 Kf6 37. Nh5+ Kg6 38. Re5 Rdc8 39. c4 Nd6 40. Nf4+ Kf6 41. Rce1 dxc4 42. g5+ Ke7 43. Nd5+ Kd7 44.
Nxc7 Rxc7 45. f4 cxb3 46. axb3 Rc8 47. Rd1 Ke7 48. Rde1 Kd7 49. R5e2 a5 50. Rd1 b6 51. Red2 Rc6 52. Rc2 Rxc2+ 53. Kxc2 Kc6 54. Kd3 Nb7 55. Ke4 Nc5+ 56. Ke5 Nd7+ 57. Kd4 Nc5 58. Kc3 Ne4+ 59. Kc2 Kc7 60. Re1 Nc5 61. f5 exf5 62. Re7+ Kd6 63.
Rxf7 Ne6 64. Rxh7 Nxg5 65. Rg7 Nf3 66. h7 Nd4+ 67. Kb2 Ne6 68. Rg6 1-0

[Event "Early-Titled-Tuesday-Blitz-August-29-2023"]
[Site "Chess.com"]
[Date "2023.08.29"]
[Round "7"]
[White "ljuks68"]
[Black "Iunusovnuriddin"]
[Result "1-0"]
[WhiteElo "2447"]
[BlackElo "2295"]
[TimeControl "180+1"]
[EndTime "9:17:38 PDT"]
[Termination "ljuks68 won by resignation"]

1. e4 e5 2. Nf3 Nc6 3. Bb5 a6 4. Ba4 Nf6 5. Qe2 b5 6. Bb3 Be7 7. c3 O-O 8. d4 d6 9. O-O Bg4 10. Rd1 exd4 11. cxd4 d5 12. e5 Ne4 13. h3 Bh5 14. Nc3 Nxc3 15. bxc3 Qd7 16. Bc2 Bg6 17. Bxg6 hxg6 18. Bg5 Na5 19. Bxe7 Qxe7 20. Qe3 Nc4 21. Qf4 Qe6 22. Ng5 Qf5 23. Qh4 Rfe8 24. g4 Qf4 25.
Rd3 Nd2 26. Re1 Ne4 27. Qh7+ Kf8 28. Nxe4 dxe4 29. Rde3 Qh6 30. Qxh6 gxh6 31. Rxe4 c6 32. f4 Ke7 33. f5 gxf5 34. gxf5 Rg8+ 35. Kf2 Rg5 36. f6+ Ke6 37. Rg4 Rag8 38. Rxg5 Rxg5 39. Rg1 Rh5 40. Rg3 Rf5+ 41. Ke2 b4 42. cxb4 Kd5 43. Kd3 Rf4 44. Kc3 Rxd4 45. e6 fxe6 46. Rf3 Ke4 47. Rf4+ Kxf4 48. Kxd4 e5+ 49. Kc3 e4 50. f7 1-0

[Event "Early-Titled-Tuesday-Blitz-August-29-2023"]
[Site "Chess.com"]
[Date "2023.08.29"]
[Round "7"]
[White "GMKrikor"]
[Black "dropstoneDP"]
[Result "0-1"]
[WhiteElo "2862"]
[BlackElo "2981"]
[TimeControl "180+1"]
[EndTime "9:17:39 PDT"]
[Termination "dropstoneDP won on time"]

1. Nf3 d5 2. c4 e6 3. d4 Nf6 4. cxd5 exd5 5. Nc3 c6 6. Bf4 Bd6 7. Bxd6 Qxd6 8. e3 Bf5 9. Nh4 Be6 10. Bd3 O-O 11. O-O Nbd7 12. h3 a5 13. Qc2 g6 14.
f4 Qe7 15. f5 Bxf5 16. Bxf5 Qxe3+ 17. Rf2 gxf5 18. Nxf5 Qg5 19. Raf1 Kh8 20. Nd6 Qg6 21. Qxg6 fxg6 22. Nxb7 a4 23. a3 Rfb8 24. Nc5 Nxc5 25. Rxf6 Ne4 26. Rxc6 Nxc3 27. bxc3 Rb3 28. Ra1 Kg7 29.
Rc5 h5 30. Rxd5 Rxc3 31. Rd7+ Kh6 32. Rd6 h4 33. Rf1 Rxa3 34. Rff6 Rg3 35. Ra6 Rxa6 36. Rxa6 a3 37. d5 Kg5 38. Kf2 Rb3 39. Ke2 Rb2+ 40.
Kf3 a2 41. d6 Kf6 42. d7+ Ke7 43. Ra7 g5 44. g3 Rb3+ 45. Kf2 Rxg3 46. Rxa2 Rxh3 47.
Ra5 g4 48. Rd5 Rf3+ 49. Kg2 Kd8 50. Rd4 h3+ 51. Kh2 Rf2+ 52. Kg1 Rg2+ 53. Kh1 g3 54.
Rh4 Rh2+ 55. Kg1 Kxd7 56. Rh6 Ke7 57. Rh8 Kf6 58. Rh7 Kg5 59. Rh8 Rg2+ 60. Kh1 Rh2+ 61.
Kg1 Kf5 62. Rf8+ Ke5 63. Rh8 Kf6 64. Rh7 Ke5 65. Rh8 Kd4 66. Rh7 Ke3 67. Re7+ Kd2 68.
Rd7+ Ke1 69. Rh7 Rg2+ 70. Kh1 Kf1 71. Rf7+ Rf2 0-1

[Event "Early-Titled-Tuesday-Blitz-August-29-2023"]
[Site "Chess.com"]
[Date "2023.08.29"]
[Round "7"]
[White "likantrophuss"]
[Black "gm_rashid"]
[Result "1-0"]
[WhiteElo "2550"]
[BlackElo "2385"]
[TimeControl "180+1"]
[EndTime "9:17:39 PDT"]
[Termination "likantrophuss won by resignation"]

1. e4 e6 2. Qe2 c5 3. Nf3 Nc6 4.
c3 Nge7 5. d4 cxd4 6. cxd4 g6 7.
Nc3 Bg7 8. e5 d6 9. exd6 Qxd6 10. Be3 O-O 11. O-O-O a6 12. Kb1 b5 13. Qd2 Rd8 14.
h4 Nf5 15. Ne4 Qd5 16. Nc3 Qd6 17. Bg5 Rd7 18. Ne4 Qb4 19. Nf6+ Bxf6 20. Bxf6 Qxd2 21.
Rxd2 h5 22. Be2 Bb7 23. Rc1 Nb4 24. a3 Nd5 25. Bg5 f6 26. Be3 Ndxe3 27. fxe3 Nxe3 28. Bd3 Bxf3 29. gxf3 f5 30. Re1 Nd5 31. Rxe6 Nf4 32. Re1 Rxd4 33. Red1 Rad8 34. Bc4+ Rxc4 35. Rxd8+ Kf7 36.
R1d6 Ne6 37. Ra8 Rd4 38. Rxd4 Nxd4 39. Rxa6 Nxf3 40. Rb6 Nxh4 41. Rxb5 f4 42. a4 f3 43. Rb4 f2 44. Rf4+ Ke6 45. Rxf2 g5 46. Rc2 g4 47. a5 g3 48. a6 Nf3 49. a7 Ne1 50. Re2+ Kf6 51. Rxe1 Kf5 52. a8=Q h4 53. Qf3+ Kg5 54.
Re5+ 1-0

[Event "Early-Titled-Tuesday-Blitz-August-29-2023"]
[Site "Chess.com"]
[Date "2023.08.29"]
[Round "7"]
[White "FairChess_on_YouTube"]
[Black "wqws"]
[Result "1-0"]
[WhiteElo "3050"]
[BlackElo "2673"]
[TimeControl "180+1"]
[EndTime "9:17:41 PDT"]
[Termination "FairChess_on_YouTube won on time"]

1. d4 Nf6 2. c4 e6 3. Nf3 d5 4. Bg5 Be7 5. e3 O-O 6. Nc3 b6 7. Rc1 Bb7 8. Bd3 Nbd7 9. cxd5 exd5 10. O-O c5 11. Bf5 Re8 12. Qc2 Nf8 13. dxc5 bxc5 14. Rfd1 g6 15. Bh3 d4 16. Ne2 Bxf3 17. gxf3 Nh5 18. Bxe7 Qxe7 19. Qxc5 dxe3 20. Qxe7 Rxe7 21. Rc4 Rae8 22. Bf1 exf2+ 23. Kxf2 Ne6 24. b4 Neg7 25. Ng3 Nxg3 26. hxg3 Nf5 27. Rdc1 Ne3 28. Rc7 Nd1+ 29. Kg1 Rxc7 30. Rxc7 Re1 31. Rc1 g5 32. a4 h5 33. b5 h4 34. gxh4 gxh4 35. a5 h3 36. b6 axb6 37. axb6 h2+ 38. Kxh2 Rxf1 39. b7 Rf2+ 40.
Kg3 Rb2 41. Rc8+ Kg7 42. b8=Q Rxb8 43. Rxb8 Ne3 44. Rb3 Nd5 45. Rb5 Ne7 46. Kf4 Ng6+ 47. Ke4 Kf6 48. f4 Ne7 49. Rb6+ Kg7 50. Ra6 Ng8 51. Kf5 Nh6+ 52. Kg5 Ng8 53. f5 f6+ 54. Kh5 Kf7 55. Ra7+ 1-0

[Event "Early-Titled-Tuesday-Blitz-August-29-2023"]
[Site "Chess.com"]
[Date "2023.08.29"]
[Round "7"]
[White "Vladimir_Zakhartsov"]
[Black "fastestmindalive"]
[Result "1-0"]
[WhiteElo "2919"]
[BlackElo "2737"]
[TimeControl "180+1"]
[EndTime "9:17:42 PDT"]
[Termination "Vladimir_Zakhartsov won on time"]

1. d4 Nf6 2. c4 e6 3. Nf3 Bb4+ 4. Nbd2 d6 5. Qc2 Nc6 6. e4 e5 7. d5 Bxd2+ 8. Bxd2 Ne7 9. h3 O-O 10. Bd3 b6 11. g4 Ng6 12. O-O-O a6 13. Kb1 Bd7 14. Bg5 c5 15. dxc6 Bxc6 16. h4 Nf4 17. Bxf4 exf4 18. g5 Ng4 19. h5 Ne5 20. Nxe5 dxe5 21. g6 Qd4 22. c5 Qxc5 23. Bc4 Kh8 24. f3 Rac8 25.
Rc1 Bb5 26. Bxb5 Qxc2+ 27. Rxc2 Rxc2 28. Kxc2 axb5 29. gxf7 Rxf7 30. Rd1 g5 31. hxg6 hxg6 32. Rd6 g5 33. Kd3 g4 34. fxg4 f3 35. Rh6+ Kg7 36.
Rh1 Kg6 37. Ke3 Kg5 38. Kf2 Kxg4 39. Rh8 Rc7 40. Ke3 Rc2 41. Rg8+ Kh4 42. Kxf3 Rxb2 43. Re8 Rxa2 44. Rxe5 Ra5 45. Kf4 b4 46. Re6 b3 47.
Rxb6 Kh5 48. e5 b2 49. Kf5 Ra1 50. Rxb2 1-0

[Event "Early-Titled-Tuesday-Blitz-August-29-2023"]
[Site "Chess.com"]
[Date "2023.08.29"]
[Round "7"]
[White "jaskol95"]
[Black "Ducke13"]
[Result "1-0"]
[WhiteElo "2567"]
[BlackElo "2428"]
[TimeControl "180+1"]
[EndTime "9:17:42 PDT"]
[Termination "jaskol95 won by checkmate"]

1. e4 c5 2. Nf3 d6 3. Bb5+ Nd7 4. a4 Nf6 5. Nc3 g6 6. O-O a6 7. Bc4 Bg7 8. Re1 O-O 9. d3 b6 10. Bf4 e5 11. Bg5 h6 12. Bh4 g5 13.
Bg3 Nh5 14. Nxe5 Nxe5 15. Qxh5 Nxc4 16. dxc4 Be6 17. Nd5 Rb8 18. c3 Qd7 19. Rad1 Bg4 20. Nf6+ Bxf6 21. Qxh6 Bg7 22. Qxd6 Qb7 23. f3 Be6 24.
Qd2 Qe7 25. Bxb8 Rxb8 26. b3 Qf6 27. Re3 Bf8 28. Rd3 Be7 29. Qf2 Kg7 30. Qg3 Rb7 31. h4 b5 32. axb5 axb5 33. cxb5 Rxb5 34. c4 Ra5 35.
hxg5 Qxg5 36. Qxg5+ Bxg5 37. Kf2 Ra2+ 38. Kg3 Bf6 39.
f4 Bd4 40. Rxd4 cxd4 41. Rxd4 Rb2 42. Rd3 Kf6 43. Kf3 Rb1 44. f5 Bc8 45. Rd6+ Ke7 46.
Rb6 Rc1 47. g4 Bd7 48. Kf4 f6 49. Ke3 Rg1 50. b4 Rxg4 51. b5 Rg3+ 52. Kd4 Rg4 53. c5 Bxf5 54. Rb7+ Kd8 55. Rf7 Rxe4+ 56. Kd5 Re6 57.
c6 Re5+ 58. Kd6 Rxb5 59. Rf8# 1-0

[Event "Early-Titled-Tuesday-Blitz-August-29-2023"]
[Site "Chess.com"]
[Date "2023.08.29"]
[Round "7"]
[White "colegiodemadrid"]
[Black "Mesa_1"]
[Result "1/2-1/2"]
[WhiteElo "2443"]
[BlackElo "2573"]
[TimeControl "180+1"]
[EndTime "9:17:45 PDT"]
[Termination "Game drawn by repetition"]

1. e4 d6 2. d4 Nf6 3. Nc3 Nc6 4. Nf3 g6 5. d5 Nb8 6. h3 Bg7 7. Be3 O-O 8. Qd2 c6 9. a4 e6 10. dxe6 Bxe6 11. Rd1 d5 12. exd5 cxd5 13. Nd4 Nc6 14. Be2 Re8 15. O-O Rc8 16. Bf3 a6 17. Rfe1 Ne5 18. Bf4 Nxf3+ 19. Nxf3 Ne4 20. Nxe4 dxe4 21. Rxe4 Qxd2 22. Rxd2 Bxb2 23. Be5 Bf5 24. Ree2 Bc1 25. Rd1 Bf4 26. Rde1 Bxe5 27. Rxe5 Rxe5 28. Rxe5 Rxc2 29. Re7 Rb2 30. Ne5 Be6 31. a5 Rb5 32. f4 Kf8 33.
Rc7 g5 34. g3 f6 35. Nd7+ Bxd7 36. Rxd7 Rxa5 37. Rxb7 gxf4 38. gxf4 h5 39. Kg2 Ra3 40. Rh7 Ra5 41. Ra7 Kg8 42. Kg3 Ra4 43. Kh4 Rxf4+ 44.
Kxh5 Rf3 45. h4 Kf8 46. Kg6 Ke8 47. h5 f5 48. h6 f4 49. h7 Rh3 50. h8=Q+ Rxh8 51. Ra8+ Ke7 52. Rxh8 Ke6 53. Ra8 f3 54. Rxa6+ Ke5 55.
Kg5 Ke4 56. Kg4 f2 57. Re6+ Kd3 58. Rf6 Ke2 59. Re6+ Kd2 60. Rf6 Ke2 61. Re6+ Kd2 62. Rf6 Ke2 1/2-1/2

[Event "Early-Titled-Tuesday-Blitz-August-29-2023"]
[Site "Chess.com"]
[Date "2023.08.29"]
[Round "7"]
[White "19912131712118"]
[Black "enriquebutti"]
[Result "0-1"]
[WhiteElo "2421"]
[BlackElo "2264"]
[TimeControl "180+1"]
[EndTime "9:17:47 PDT"]
[Termination "enriquebutti won by resignation"]

1. e4 c5 2. Nf3 d6 3. d4 cxd4 4. Nxd4 Nf6 5. Nc3 a6 6. Bg5 Nbd7 7. f4 Qa5 8. Qf3 e5 9. Nb3 Qc7 10. O-O-O Be7 11. h3 b5 12. a3 Bb7 13. g4 h6 14.
Bxf6 Nxf6 15. g5 hxg5 16. fxg5 Nh5 17. h4 Nf4 18. Bd3 O-O-O 19. Ne2 Nxe2+ 20. Qxe2 Rxh4 21. Rhg1 Rdh8 22. Kb1 g6 23. Rc1 Kb8 24. c4 bxc4 25. Rxc4 Qd8 26. Rb4 Ka7 27. Qf2+ Ka8 28. Qxf7 Rh1 29.
Rxh1 Rxh1+ 30. Ka2 d5 31. Nc5 Qf8 32. Qxf8+ Bxf8 33.
Rxb7 Bxc5 34. Rg7 Bd4 35. Bxa6 Rh2 36. Rb7 dxe4 37. Rb5 e3 38. Bb7+ Ka7 39. Bf3 e2 40.
Bxe2 Rxe2 41. Kb1 Rg2 42. Rb3 Rxg5 43. Kc2 Rg2+ 44. Kd1 Rxb2 45. Rg3 Rb6 46. Kd2 Re6 47. Kd3 Bb6 48. Ke4 Kb7 49. Rg5 Kc6 50. Rg2 Bd4 51.
Rg5 Kd6 52. Rg2 Rf6 53. Rg5 Rf4+ 54. Kd3 Kd5 55. Rxg6 e4+ 56. Ke2 e3 57. Ke1 Ke4 58. Re6+ Kd3 59. Rd6 e2 60. Rxd4+ Rxd4 61. a4 Rc4 0-1

[Event "Early-Titled-Tuesday-Blitz-August-29-2023"]
[Site "Chess.com"]
[Date "2023.08.29"]
[Round "7"]
[White "FGHSMN"]
[Black "LileKoridze"]
[Result "1-0"]
[WhiteElo "2920"]
[BlackElo "2353"]
[TimeControl "180+1"]
[EndTime "9:17:49 PDT"]
[Termination "FGHSMN won by checkmate"]

1. d4 Nf6 2. Nf3 d5 3. Bf4 e6 4. e3 Be7 5. Nbd2 O-O 6. Bd3 c5 7. c3 a6 8. Ne5 b5 9. h4 Bb7 10. h5 h6 11. Qf3 Nh7 12. Qg3 Bg5 13. Ndf3 Bxf4 14. exf4 b4 15. Rh4 Kh8 16. Rg4 Qf6 17. Nh4 Kg8 18. Nhg6 Rd8 19. Ne7+ Kh8 20. Qh4 Rf8 21.
N7g6+ fxg6 22. Nxg6+ Kg8 23. Nxf8 Qxf8 24. Bxh7+ Kxh7 25.
Kf1 Nc6 26. Re1 Re8 27. Rg6 Qf5 28. Qg3 Re7 29. Kg1 cxd4 30. Rexe6 Qxh5 31. cxd4 Qd1+ 32. Kh2 Qh5+ 33. Kg1 Qd1+ 34. Kh2 Qh5+ 35. Qh3 Qxh3+ 36. gxh3 Rxe6 37. Rxe6 Nxd4 38. Rb6 Bc8 39. Rxb4 Nf5 40. Rb8 Bd7 41. Rd8 Bc6 42. Kg1 d4 43. Kf1 Bb5+ 44.
Ke1 Nh4 45. b3 Nf3+ 46. Kd1 Bf1 47. a4 Bxh3 48. Ke2 Bg4 49. b4 h5 50. b5 axb5 51. axb5 h4 52. b6 h3 53. b7 h2 54. b8=Q Nh4+ 55. Kd3 h1=Q 56. Rh8+ Kg6 57. Qe8+ Kf5 58. Qe5+ Kg6 59. Qe8+ Kf5 60. Rf8# 1-0